 Dungeon Crawl Stone Soup version 0.31-a0-232-gb1c03b2570 (webtiles) character file.

Game seed: 993812210460447073

611 qw the Shooter (level 7, -5/59 HPs)
             Began as a Minotaur Hexslinger on July 7, 2023.
             Slain by a gnoll
             ... wielding a +0 halberd
             ... led by a gnoll sergeant
              (7 damage)
             ... on level 5 of the Dungeon.
             The game lasted 00:01:14 (3870 turns).

qw the Shooter (Minotaur Hexslinger)                Turns: 3870, Time: 00:01:15

Health: -5/59      AC:  5    Str: 12    XL:     7   Next: 20%
Magic:  7/7        EV: 11    Int: 10    God:
Gold:   267        SH:  0    Dex: 15    Spells: 7/8 levels left

rFire   . . .        Y - +3 sling (drain)
rCold   . . .        (no shield)
rNeg    . . .        a - +0 ring mail
rPois   .            (helmet restricted)
rElec   .            (no cloak)
rCorr   .            (no gloves)
SInv    .            (no boots)
Will    +....        (no amulet)
Stlth   +            g - +4 ring of slaying {mikee}
HPRegen 0.29/turn    c - ring of willpower
MPRegen 0.10/turn

%: no passive effects
@: no status effects
A: horns 2, retaliatory headbutt
a: no special abilities


You were on level 5 of the Dungeon.
You visited 1 branch of the dungeon, and saw 5 of its levels.

You collected 267 gold pieces.


Innate Abilities, Weirdness & Mutations

You have a pair of horns on your head.
You reflexively headbutt those who attack you in melee.


   Skills:
 - Level 4.0 Fighting
 + Level 7.9 Ranged Weapons
 - Level 1.0 Armour
 - Level 2.1 Dodging
 - Level 1.0 Spellcasting
 - Level 2.0 Hexes


You had 7 spell levels left.
You knew the following spells:

 Your Spells              Type           Power      Damage    Failure   Level
a - Slow                  Hex            16%        N/A       34%         1

Your spell library contained the following spells:

 Spells                   Type           Power      Damage    Failure   Level
 Inner Flame              Hex/Fire       2%         N/A       83%         3
 Portal Projectile        Hex/Tloc       4%         N/A       83%         3
 Cause Fear               Hex            2%         N/A       98%         4

Inventory:

Hand Weapons
 Y - a +3 sling of draining (weapon)
Armour
 a - a +0 ring mail (worn)
Jewellery
 c - a ring of willpower (right hand)
 g - a +4 ring of slaying (left hand) {mikee}
Scrolls
 e - a scroll of identify
Potions
 f - 2 potions of curing
 h - a potion of enlightenment {unknown}
 i - a potion of berserk rage {unknown}
 j - a potion of magic {unknown}
 l - a potion of lignification {unknown}
 m - a potion of might {unknown}

Dungeon Overview and Level Annotations

Branches:
Dungeon (5/15)
 Temple: D:4-7

Altars:


Message History

You shoot a sling bullet.
The sling bullet hits the gnoll sergeant.
The gnoll sergeant is lightly wounded.
The gnoll barely misses you.
You shoot a sling bullet.
The gnoll sergeant blocks the sling bullet.
The gnoll sergeant hits you with a +1 trident of freezing.
The gnoll sergeant freezes you. The gnoll closely misses you.
You shoot a sling bullet.
The sling bullet hits the gnoll sergeant!
You drain the gnoll sergeant.
The gnoll sergeant is severely wounded.
The gnoll sergeant hits you with a +1 trident of freezing.
The gnoll sergeant freezes you. The gnoll completely misses you.
You shoot a sling bullet.
The sling bullet completely misses the gnoll sergeant.
The gnoll sergeant hits you with a +1 trident of freezing.
The gnoll sergeant freezes you.
The gnoll hits you from afar with a +1 spear of distortion.
Space warps horribly around you!!
You shoot a sling bullet.
The sling bullet hits the gnoll sergeant.
The gnoll sergeant is almost dead.
The gnoll sergeant closely misses you. The gnoll barely misses you.
A gnoll comes into view. It is wielding a +0 halberd.
You shoot a sling bullet.
The gnoll sergeant blocks the sling bullet.
The gnoll shouts!
The gnoll sergeant barely misses you.
The gnoll hits you from afar with a +1 spear of distortion.
You blink.
The gnoll barely misses you. The gnoll misses you.
You shoot a sling bullet.
The sling bullet barely misses the gnoll.
The gnoll hits you from afar with a +0 halberd!
The gnoll hits you from afar with a +1 spear of distortion.
Space warps around you.
You shoot a sling bullet. The sling bullet hits the gnoll!
The gnoll is severely wounded.
The gnoll hits you from afar with a +0 halberd!
You die...

#.####.../##
.........#.##
##.##....###.# ..
#.#%..#..########
.##.#<.#.#.........
#........#ยค#########.
.###.>...)........
#....g..#######
#.@.g#### .....g....#
###.#.....# # #.....#
###.### #.# ..# ...


You could see a gnoll sergeant (drained) and 2 gnolls.

Vanquished Creatures
  Eustachio (D:4)
  A water moccasin (D:4)
  A scorpion (D:4)
  An orc priest (D:4)
  2 hounds
  6 gnolls
  6 adders
  3 dart slugs
  8 orcs (D:4)
  5 ball pythons
  4 bats
  8 endoplasms
  A giant cockroach (D:3)
  8 goblins
  4 hobgoblins
  3 jackals (D:3)
  4 quokkas
  8 frilled lizards
  4 kobolds
  23 rats
101 creatures vanquished.

Notes
Turn   | Place    | Note
-------+----------+-------------------------------------------
     0 | D:1      | qw the Minotaur Hexslinger began the quest for the Orb.
     0 | D:1      | Reached XP level 1. HP: 16/16 MP: 1/1
     0 | D:1      | 0 ||| qw: Version: 0.3-a-46-gb1f654a
     0 | D:1      | 0 ||| qw: Game counter: 2771
     0 | D:1      | 0 ||| qw: Melee chars always use a shield: true
     0 | D:1      | 0 ||| qw: God list: Okawaru
     0 | D:1      | 0 ||| qw: Allow faded altars: false
     0 | D:1      | 0 ||| qw: Do Orc after clearing Dungeon:15 true
     0 | D:1      | 0 ||| qw: Do second Lair branch before Depths: true
     0 | D:1      | 0 ||| qw: Lair rune preference: random
     0 | D:1      | 0 ||| qw: Goals: Normal
     0 | D:1      | 0 ||| PLANNING D:1-11
   143 | D:1      | Found a faded altar of an unknown god.
   339 | D:1      | Reached skill level 3 in Ranged Weapons
   350 | D:1      | Reached XP level 2. HP: 23/23 MP: 2/2
   822 | D:1      | 822 ||| READING 2 scrolls labelled WUBLET ZOWI.
   823 | D:1      | 823 ||| READING 2 scrolls labelled REDUERCHUVUO.
   824 | D:1      | 824 ||| READING scroll labelled QYARHI YFOBOA.
   825 | D:1      | 825 ||| DROPPING scroll of fog.
   826 | D:1      | 826 ||| DROPPING scroll of poison.
   900 | D:2      | Reached XP level 3. HP: 29/29 MP: 3/3
  1016 | D:2      | Reached skill level 4 in Ranged Weapons
  1396 | D:2      | Identified the +1 rapier of the Spider {protect, +Blink
                  | Will+ Stlth+}
  1411 | D:2      | Reached XP level 4. HP: 36/36 MP: 4/4
  1597 | D:2      | 1597 ||| UPGRADING to +0 ring mail.
  1607 | D:2      | 1607 ||| DROPPING +0 robe.
  1608 | D:2      | 1608 ||| UPGRADING to +4 ring of slaying {mikee}.
  1609 | D:2      | 1609 ||| READING scroll labelled VIVOATREOBUJO.
  1613 | D:2      | 1613 ||| READING scroll labelled VIFOLA LAERAHU.
  1614 | D:2      | 1614 ||| READING scroll labelled IDAEMO KORINK.
  1615 | D:2      | 1615 ||| READING 2 scrolls of identify.
  1615 | D:2      | 1615 ||| IDENTIFYING sedimented clear potion
  1616 | D:2      | 1616 ||| DROPPING potion of brilliance.
  1652 | D:3      | Reached skill level 1 in Armour
  1976 | D:3      | Reached skill level 5 in Ranged Weapons
  2343 | D:3      | 2343 ||| DROPPING scarf of shadows.
  2344 | D:3      | 2344 ||| UPGRADING to ring of willpower.
  2345 | D:3      | 2345 ||| READING scroll labelled RUATUC XAGRIU.
  2346 | D:3      | 2346 ||| READING scroll labelled HACZUUPP OXZOX.
  2347 | D:3      | 2347 ||| READING 2 scrolls of identify.
  2347 | D:3      | 2347 ||| IDENTIFYING orange potion
  2530 | D:4      | Reached XP level 5. HP: 44/44 MP: 5/5
  2862 | D:4      | Noticed Eustachio
  2887 | D:4      | HP: 11/46 [Eustachio/+0 rapier (4)]
  2888 | D:4      | Killed Eustachio
  2889 | D:4      | Reached skill level 6 in Ranged Weapons
  2889 | D:4      | Reached XP level 6. HP: 13/52 MP: 6/6
  3124 | D:4      | 3124 ||| SWAPPING to +2 sling of draining.
  3125 | D:4      | 3125 ||| DROPPING +1 sling.
  3301 | D:4      | Reached skill level 7 in Ranged Weapons
  3602 | D:4      | 3602 ||| READING scroll labelled MUKKUMM MYHO.
  3603 | D:4      | 3603 ||| DRINKING 2 black potions.
  3604 | D:4      | 3604 ||| DROPPING potion of attraction.
  3671 | D:5      | Entered Level 5 of the Dungeon
  3671 | D:5      | Noticed a water moccasin
  3678 | D:5      | 3678 ||| STAIRDANCE
  3685 | D:4      | Killed a water moccasin
  3686 | D:4      | Reached XP level 7. HP: 27/59 MP: 7/7
  3869 | D:5      | HP: 5/59 [gnoll/+0 halberd[a gnoll sergeant] (12)]
  3869 | D:5      | HP: 2/59 [gnoll/+1 spear of distortion[a gnoll sergeant]
                  | (2)]
  3870 | D:5      | Slain by a gnoll

Levels and vault maps discovered:
D:1:      lemuel_arrival_hallway, layout_basic,
          hellmonk_ecumenical_altar_inner_sanctum
D:2:      layout_loops_cross, minmay_rat_hole
D:3:      layout_loops_ring, minmay_misc_feat_hallway, kennysheep_crisscross,
          grunt_ministairs_8, wander_ebering_terrifying_dragon_lair
D:4:      layout_loops_corners, serial_bayou, serial_bayou_pond_a,
          serial_bayou_pond_d, serial_bayou_ford_a, serial_bayou_pond_c,
          serial_bayou_lagoon_a, serial_bayou_crossing, uniq_eustachio
D:5:      layout_loops_ring, minmay_temple_entry_proselytizer, uniq_ijyb

Skill      XL: |  1  2  3  4  5  6 |
---------------+-------------------+-----
Ranged Weapons | 3 4 5 6 7 |  7.9
Fighting       | 2 4 |  4.0
Armour         | 1 |  1.0
Dodging        | |  2.1
Spellcasting   | |  1.0
Hexes          | |  2.0

Action                     |  1- 3 |  4- 6 |  7- 9 || total
---------------------------+-------+-------+-------++-------
   Fire: Sling             |   112 |   130 |    20 ||   262
    Use: Scroll            |     3 |     8 |       ||    11
         Potion            |       |     1 |       ||     1
 Armour: Robe              |     6 |       |       ||     6
         Ring mail         |       |    23 |     2 ||    25
  Dodge: Dodged            |    29 |    54 |    11 ||    94

Table legend:
 A = Non-vault XP
 B = Vault XP
 C = Vault XP percentage of total XP
 D = Non-vault monster count
 E = Vault monster count
 F = Vault count percentage of total count
                 A         B        C        D         E       F
            +---------+---------+-------+---------+---------+-------
      Total |     652 |     221 |  25.3 |      78 |      23 |  22.8
            +---------+---------+-------+---------+---------+-------
        D:1 |      29 |       0 |   0.0 |      14 |       0 |   0.0
        D:2 |      57 |      20 |  26.0 |      22 |      19 |  46.3
        D:3 |      58 |       4 |   6.5 |      17 |       3 |  15.0
        D:4 |     425 |     197 |  31.7 |      21 |       1 |   4.5
        D:5 |      83 |       0 |   0.0 |       4 |       0 |   0.0
            +---------+---------+-------+---------+---------+-------
